 Dungeon Crawl Stone Soup version 0.15-a0-1675-g4580af5 (console) character file.

73 Mac the Ruffian (level 4, 0/44 HPs)
             Began as a Troll Fighter on June 23, 2014.
             Slain by an iguana (6 damage)
             ... on Level 4 of the Dungeon.
             The game lasted 00:02:44 (566 turns).

Mac the Ruffian (Troll Fighter)                      Turns: 566, Time: 00:02:44

HP   0/44        AC  5     Str 25      XL: 4   Next:  8%
MP   2/2         EV 10     Int  4      God:
Gold 41          SH  0     Dex  9      Spells:  0 memorised,  3 levels left

rFire  . . .     SeeInvis .       - Unarmed
rCold  . . .     Clarity  .     b - +0 robe
rNeg   . . .     rCorr    .     (shield restricted)
rPois  .         rRot     .     (helmet restricted)
rElec  .         Spirit   .     (no cloak)
SustAb .         Warding  .     (gloves unavailable)
rMut   .         Stasis   .     (boots unavailable)
Gourm  +                        (no amulet)
MR     .....                    (no ring)
                                (no ring)

@: not resistant to hostile enchantments, very unstealthy
A: unfitting armour, claws 3, fast metabolism 3, gourmand, regeneration 2,
saprovore 2, shaggy fur 1, tough skin 2
a: no special abilities


You were on level 4 of the Dungeon.
You were not hungry.

You visited 1 branch of the dungeon, and saw 4 of its levels.

You collected 41 gold pieces.

Inventory:

Armour
 b - a +0 robe (worn)
 c - a +0 shield
Comestibles
 a - 2 meat rations
 d - a bread ration
 j - a slice of pizza
Scrolls
 f - 2 scrolls of enchant armour {unknown}
 k - a scroll of fear {unknown}
Potions
 e - a potion of might
 g - 2 potions of invisibility {unknown}
 h - a potion of heal wounds {unknown}
Books
 i - a book of Minor Magic

   Spells                             Type                      Level
   Magic Dart                         Conjuration                  1
   Blink                              Translocation                2
   Call Imp                           Summoning                    2
   Repel Missiles                     Charms/Air                   2
   Slow                               Hexes                        2
   Conjure Flame                      Conjuration/Fire             3
   Mephitic Cloud                     Conjuration/Poison/Air       3


   Skills:
 - Level 2.4 Fighting
 - Level 2.4 Dodging
 - Level 2.4 Shields
 + Level 4.4 Unarmed Combat


You had 3 spell levels left.
You didn't know any spells.

Dungeon Overview and Level Annotations

Branches:
Dungeon (4/15)             Temple (0/1) D:4

Altars:
Ashenzari
Elyvilon
Nemelex Xobeh
Sif Muna


Innate Abilities, Weirdness & Mutations

You are too large for most types of armour.
You have claws for hands.
Your metabolism is lightning-fast.
You like to eat raw meat.
You heal very quickly.
You can eat rotten meat.
You are covered in fur (AC +1).
You have very tough skin (AC +2).


Message History

The gnoll begins to bleed from its wounds!
The gnoll is lightly wounded.
You scratch the gnoll.
The gnoll is moderately wounded.
The gnoll barely misses you.
You scratch the gnoll but do no damage.
The gnoll is lightly wounded.
The gnoll barely misses you.
You scratch the gnoll. You claw the gnoll.
You kill the gnoll!
You have reached level 4!
You closely miss the iguana.
The iguana is lightly wounded.
You scratch the iguana but do no damage.
The iguana is lightly wounded.
The iguana bites you!
* * * LOW HITPOINT WARNING * * *
The iguana bites you but does no damage.
The iguana bites you.
You die...

8.#......?#
..........#
>.8....g..#
......g..g#
8.#######.# #g# #
#.# .#
#.#########.#
###.......@...#..
#......g..l......#
#%#######.........
#.#.....#.#####..#
#.).......# ..
###.......#
#.......#
#.......#
#..##.#.#


You could see an iguana and a gnoll.

Vanquished Creatures
  2 gnolls (D:4)
  3 adders (D:2)
  2 worms (D:2)
  A giant gecko (D:2)
  A giant cockroach (D:2)
  2 hobgoblins (D:2)
  2 quokkas (D:2)
  A ball python (D:3)
  A bat (D:2)
  A goblin (D:2)
  3 kobolds
  3 rats
22 creatures vanquished.

Notes
Turn   | Place    | Note
--------------------------------------------------------------
     0 | D:1      | Mac, the Troll Fighter, began the quest for the Orb.
     0 | D:1      | Reached XP level 1. HP: 22/22 MP: 1/1
    33 | D:2      | Reached XP level 2. HP: 29/29 MP: 1/1
    59 | D:2      | Reached skill level 3 in Unarmed Combat
   130 | D:2      | Found a deep blue altar of Sif Muna.
   322 | D:2      | Reached XP level 3. HP: 17/36 MP: 2/2
   431 | D:2      | Found a sparkling altar of Nemelex Xobeh.
   432 | D:2      | Found a white marble altar of Elyvilon.
   434 | D:2      | Found a shattered altar of Ashenzari.
   461 | D:2      | Reached skill level 4 in Unarmed Combat
   520 | D:4      | Found a staircase to the Ecumenical Temple.
   554 | D:4      | Reached XP level 4. HP: 13/44 MP: 2/2
   556 | D:4      | HP: 1/44 [iguana (13)]
   566 | D:4      | Slain by an iguana

Action                   |  1- 3 |  4- 6 || total
-------------------------+-------+-------++-------
Melee: Unarmed           |    77 |     2 ||    79
